 Dungeon Crawl Stone Soup version 0.29.1-12-g30fa7ad0bf (webtiles) character file.

Game seed: 14279643449560771586

303 Linkola the Conjurer (level 6, -16/32 HPs)
             Began as a Deep Elf Conjurer on Jan 1, 2023.
             Killed from afar by Ijyb (18 damage)
             ... with a bolt of acid
             ... on level 3 of the Dungeon.
             The game lasted 00:08:58 (3248 turns).

Linkola the Conjurer (Deep Elf Conjurer)            Turns: 3248, Time: 00:08:58

Health: -16/32     AC:  2    Str:  4    XL:     6   Next: 15%
Magic:  2/15       EV: 12    Int: 25    God:
Gold:   120        SH:  0    Dex: 13    Spells: 0/15 levels left

rFire   + . .      SeeInvis .   e - +1 short sword
rCold   . . .      Faith    .   (no shield)
rNeg    . . .      Spirit   .   j - +2 robe {rF+}
rPois   .          Reflect  .   (no helmet)
rElec   .          Harm     .   d - +1 cloak
rCorr   .          Rampage  .   (no gloves)
Will    .....                   (no boots)
Stlth   ++........              (no amulet)
HPRegen 0.10/turn               a - ring of flight
MPRegen 0.14/turn               (no ring)

@: corroded, flying
A: no striking features
a: no special abilities


You were on level 3 of the Dungeon.
You visited 1 branch of the dungeon, and saw 4 of its levels.

You collected 120 gold pieces.

Inventory:

Hand Weapons
 e - a +1 short sword (weapon)
Armour
 d - a +1 cloak (worn)
 j - a +2 robe of fire resistance (worn)
Jewellery
 a - a ring of flight (left hand)
Scrolls
 f - 2 scrolls of enchant weapon
Potions
 b - a potion of magic
 c - a potion of ambrosia {unknown}
 g - a potion of curing
 h - a potion of might {unknown}
 i - a potion of berserk rage {unknown}


   Skills:
 + Level 2.8 Dodging
 + Level 2.8 Stealth
 + Level 5.0 Spellcasting
 + Level 6.6 Conjurations
 * Level 2.9 Hexes


You couldn't memorise any spells.
You knew the following spells:

 Your Spells              Type           Power      Damage    Failure   Level
a - Magic Dart            Conj           100%       1d8       1%          1
b - Searing Ray           Conj           78%        2d7       1%          2
c - Dazzling Flash        Conj/Hex       60%        N/A       3%          3
d - Fulminant Prism       Conj/Hex       15%        3d11      12%         4
e - Freezing Cloud        Conj/Ice/Air   8%         6-21      67%         5

Your spell library contained the following spells:

 Spells                   Type           Power      Damage    Failure   Level
 Iskenderun's Mystic Bla  Conj/Tloc      22%        2d6       22%         4
 Simulacrum               Ice/Necr       3%         N/A       100%        6
 Polar Vortex             Ice            3%         N/A       100%        9


Dungeon Overview and Level Annotations

Branches:
Dungeon (4/15)
 Temple: D:4-7

Altars:

Annotations:
D:3 Ijyb


Message History

The bolt of acid hits your fulminant prism!
The acid corrodes your fulminant prism!
Your fulminant prism detonates feebly.
The bolt of acid hits you!
Ouch! That really hurt!
The acid corrodes you!
Casting: Fulminant Prism (quite dangerous; 12% risk of failure)
Confirm with . or Enter, or press ? or * to list all spells.
The spell is quite dangerous to miscast (12% risk of failure)!
Continue anyway?
Aiming: Fulminant Prism (quite dangerous; 12% risk of failure)
Press: ? - help, Dir - move target You conjure a prism of explosive energy!
A fulminant prism comes into view.
Ijyb hits your fulminant prism with a +0 dagger.
Your fulminant prism crackles loudly.
Ijyb hits your fulminant prism with a +0 dagger.
Your fulminant prism explodes!
The blast of energy engulfs Ijyb!
Ijyb is severely wounded.
Casting: Fulminant Prism (quite dangerous; 12% risk of failure)
Confirm with . or Enter, or press ? or * to list all spells.
Aiming: Searing Ray (safe; 1% risk of failure)
Press: ? - help, Shift-Dir - straight line, f - Ijyb
Aim: Ijyb, wielding a +0 dagger, wearing a +0 chain mail and carrying a wand of acid (5) (severely wounded, 81% to hit)
The searing ray hits Ijyb.
Ijyb is severely wounded. (Press . to maintain the ray.) Ijyb zaps a wand.
The bolt of acid hits you!
* * * LOW HITPOINT WARNING * * *
The searing ray hits Ijyb but does no damage.
Ijyb is severely wounded.
Ijyb screams, "You nasty!
Big nasty!"
The searing ray hits Ijyb.
Ijyb is almost dead.
The searing ray hits Ijyb.
Ijyb is almost dead.
You finish channelling your searing ray.
Ijyb zaps a wand.
The bolt of acid hits you!!
Ouch! That really hurt!
You die...

#.............#...<...#####
#.......##...##########
###...#####..# #...# ##.#
##### #.# #.# #.# #.# #@#
#.# .g. ..... .......
####.#### #.# #.#


You could see Ijyb.

Vanquished Creatures
  Sigmund (D:3)
  Natasha (thrice) (D:3)
  3 adders
  A worm (D:3)
  A dart slug (D:2)
  4 endoplasms
  2 giant cockroaches
  3 goblins (D:1)
  4 hobgoblins
  3 quokkas
  3 ball pythons
  6 bats
  2 frilled lizards
  4 kobolds
  3 rats
43 creatures vanquished.

Vanquished Creatures (collateral kills)
  An endoplasm (D:2)
1 creature vanquished.

Vanquished Creatures (others)
  5 fulminant prisms (D:3)
5 creatures vanquished.

Grand Total: 49 creatures vanquished

Notes
Turn   | Place    | Note
-------+----------+-------------------------------------------
     0 | D:1      | Linkola the Deep Elf Conjurer began the quest for the Orb.
     0 | D:1      | Reached XP level 1. HP: 10/10 MP: 6/6
   427 | D:1      | Reached XP level 2. HP: 15/15 MP: 5/8
   430 | D:1      | Learned a level 2 spell: Searing Ray
   609 | D:1      | Found a faded altar of an unknown god.
  1000 | D:1      | Reached skill level 5 in Conjurations
  1684 | D:2      | You are sucked into a shaft and drop 2 floors!
  1904 | D:2      | Reached XP level 3. HP: 19/19 MP: 5/9
  2067 | D:2      | Learned a level 3 spell: Dazzling Flash
  2501 | D:3      | Reached skill level 1 in Hexes
  2549 | D:3      | Noticed Natasha
  2553 | D:3      | Killed Natasha
  2554 | D:3      | Reached XP level 4. HP: 24/24 MP: 5/11
  2561 | D:3      | Learned a level 4 spell: Fulminant Prism
  2606 | D:3      | Noticed Sigmund
  2621 | D:3      | Killed Sigmund
  2622 | D:3      | Reached skill level 6 in Conjurations
  2622 | D:3      | Reached XP level 5. HP: 28/28 MP: 0/14
  2698 | D:3      | Noticed Natasha
  2702 | D:3      | Killed Natasha
  2914 | D:3      | Noticed Natasha
  2917 | D:3      | Killed Natasha
  2918 | D:3      | Reached skill level 5 in Spellcasting
  2918 | D:3      | Reached XP level 6. HP: 32/32 MP: 10/15
  2928 | D:3      | Learned a level 5 spell: Freezing Cloud
  3238 | D:3      | Noticed Ijyb
  3248 | D:3      | Killed from afar by Ijyb

Illustrated notes

Levels and vault maps discovered:
D:1:      dpeg_arrival_morbid_curiosity, layout_loops_corners,
          hellmonk_ecumenical_altar_leap_of_faith, reono_crystal_passage
D:2:      layout_loops_ring, minmay_fractal_squares_5
D:3:      layout_loops_corners, uniq_natasha, uniq_ijyb, uniq_sigmund
D:4:      layout_loops_ring, mainiacjoe_overflow_alcove_1,
          makhleb_heckhound_becter, minmay_temple_entry_ruins, ldierk_geyser,
          uniq_blork_the_orc

Skill      XL: |  1  2  3  4  5 |
---------------+----------------+-----
Conjurations   | 5 6 |  6.6
Hexes          | 1 2 |  2.9
Spellcasting   | 4 5 |  5.0
Dodging        | |  2.8
Stealth        | |  2.8

Action                   |  1- 3 |  4- 6 || total
-------------------------+-------+-------++-------
Melee: Unarmed           |     2 |       ||     2
       Short sword       |     1 |     5 ||     6
 Cast: Magic Dart        |    58 |    11 ||    69
       Searing Ray       |     5 |     4 ||     9
       Dazzling Flash    |     1 |       ||     1
       Fulminant Prism   |       |     5 ||     5
  Use: Scroll            |     6 |     3 ||     9
Armor: Leather armour    |     6 |     2 ||     8
Dodge: Dodged            |    21 |     4 ||    25
